 Dungeon Crawl Stone Soup version 0.31-a0-236-g9a0961fb85 (webtiles) character file.

Game seed: 10090013695601111038

175 qw the Shooter (level 5, -1/43 (45) HPs)
             Began as a Minotaur Hexslinger on July 10, 2023.
             Slain by a hornet (8 damage)
             ... on level 4 of the Dungeon.
             The game lasted 00:00:51 (2655 turns).

qw the Shooter (Minotaur Hexslinger)                Turns: 2655, Time: 00:00:52

HP:   -1/43 (45)    AC:  9    Str: 12    XL:     5   Next: 29%
MP:   5/5           EV: 11    Int: 10    God:
Gold: 169           SH:  0    Dex: 15    Spells: 5/6 levels left

rFire   . . .        Y - +1 sling
rCold   . . .        (no shield)
rNeg    . . .        f - +0 ring mail
rPois   .            (helmet restricted)
rElec   .            (no cloak)
rCorr   .            (no gloves)
SInv    .            (no boots)
Will    .....        (no amulet)
Stlth   +            a - +4 ring of protection
HPRegen 0.27/turn    (no ring)
MPRegen 0.09/turn

%: no passive effects
@: lethally poisoned (-1 -> -4), slowed, lightly drained, very slow
A: horns 2, retaliatory headbutt
a: no special abilities


You were on level 4 of the Dungeon.
You visited 1 branch of the dungeon, and saw 4 of its levels.

You collected 169 gold pieces.


Innate Abilities, Weirdness & Mutations

You have a pair of horns on your head.
You reflexively headbutt those who attack you in melee.


   Skills:
 - Level 3.0 Fighting
 + Level 5.3 Ranged Weapons
 - Level 1.0 Armour
 - Level 2.1 Dodging
 - Level 1.0 Spellcasting
 - Level 2.0 Hexes


You had 5 spell levels left.
You knew the following spells:

 Your Spells              Type           Power      Damage    Failure   Level
a - Slow                  Hex            16%        N/A       34%         1

Your spell library contained the following spells:

 Spells                   Type           Power      Damage    Failure   Level
 Inner Flame              Hex/Fire       2%         N/A       83%         3
 Portal Projectile        Hex/Tloc       4%         N/A       83%         3
 Cause Fear               Hex            2%         N/A       98%         4

Inventory:

Hand Weapons
 Y - a +1 sling (weapon)
Armour
 f - a +0 ring mail (worn)
Jewellery
 a - a +4 ring of protection (left hand)
Scrolls
 c - a scroll of amnesia {unknown}
 j - a scroll of identify
Potions
 b - a potion of magic {unknown}
 d - 2 potions of might
 e - a potion of mutation {unknown}
 g - a potion of haste

Dungeon Overview and Level Annotations

Branches:
Dungeon (4/15)
 Temple: D:4-7

Altars:


Message History

You shoot a sling bullet. The sling bullet hits the endoplasm.
The endoplasm is almost dead.
The endoplasm barely misses you.
You shoot a sling bullet. The sling bullet hits the endoplasm.
You kill the endoplasm!
An ogre and a hornet come into view.
The ogre shouts!
The hornet buzzes angrily.
You shoot a sling bullet.
The sling bullet barely misses the hornet.
The hornet closely misses you.
You shoot a sling bullet.
The sling bullet barely misses the hornet.
The hornet stings you but does no damage.
You shoot a sling bullet.
The sling bullet barely misses the hornet.
The hornet misses you. The hornet barely misses you.
You shoot a sling bullet.
The sling bullet closely misses the hornet.
The hornet completely misses you. The hornet stings you!
You feel yourself slow down.
You shoot a sling bullet. The sling bullet hits the hornet.
The hornet is lightly wounded.
You feel yourself speed up. The hornet stings you.
You are poisoned.
You feel yourself slow down. The hornet barely misses you.
The hornet stings you but does no damage.
You shoot a sling bullet.
The sling bullet closely misses the hornet.
You feel very sick. The hornet stings you.
You feel as though you will be slow longer.
The hornet closely misses you. The hornet barely misses you.
You furiously retaliate!
You headbutt the hornet. You shoot a sling bullet.
The sling bullet closely misses the hornet.
You feel sick. The hornet misses you. The hornet stings you!
You feel as though you will be slow longer.
The hornet stings you!
You die...

###############
####.............###.###
.....#..#######.........
####.#..#### #..###.###
#....#.....####.@#
.....####........yO.....
.....#..........###...##
##...#......###.# .##
##..#.#...## #.# #
#....##.## #. #.#####.#
#. #.# #.# #. #.. #.#


You could see a hornet and an ogre.

Vanquished Creatures
  A scorpion (D:4)
  A hound (D:4)
  2 adders
  A worm (D:2)
  3 dart slugs
  6 orcs (D:3)
  3 ball pythons
  5 endoplasms
  4 giant cockroaches
  6 hobgoblins
  3 bats (D:1)
  5 frilled lizards
  6 goblins
  7 kobolds
  A rat (D:1)
54 creatures vanquished.

Notes
Turn   | Place    | Note
-------+----------+-------------------------------------------
     0 | D:1      | qw the Minotaur Hexslinger began the quest for the Orb.
     0 | D:1      | Reached XP level 1. HP: 16/16 MP: 1/1
     0 | D:1      | 0 ||| qw: Version: 0.3-a-52-g30416fa
     0 | D:1      | 0 ||| qw: Game counter: 4657
     0 | D:1      | 0 ||| qw: Melee chars always use a shield: true
     0 | D:1      | 0 ||| qw: God list: Okawaru
     0 | D:1      | 0 ||| qw: Allow faded altars: false
     0 | D:1      | 0 ||| qw: Do Orc after clearing Dungeon:15 true
     0 | D:1      | 0 ||| qw: Do second Lair branch before Depths: true
     0 | D:1      | 0 ||| qw: Lair rune preference: random
     0 | D:1      | 0 ||| qw: Goals: Normal
     0 | D:1      | 0 ||| PLANNING D:1-11
    56 | D:1      | HP: 3/16 [frozen (5)]
   214 | D:1      | Reached skill level 3 in Ranged Weapons
   214 | D:1      | Reached XP level 2. HP: 23/23 MP: 2/2
   720 | D:1      | 720 ||| READING 2 scrolls labelled QODUGH NYHYDD.
   721 | D:1      | 721 ||| READING scroll labelled FIPOZO FANOPPO.
   763 | D:1      | 763 ||| READING scroll labelled POFRA ZEIS.
   764 | D:1      | 764 ||| READING 2 scrolls labelled NAH XAQURELOM.
   765 | D:1      | 765 ||| DRINKING 2 lumpy green potions.
   766 | D:1      | 766 ||| DROPPING scroll of summoning.
   767 | D:1      | 767 ||| DROPPING scroll of poison.
   852 | D:2      | Reached XP level 3. HP: 8/29 MP: 3/3
  1157 | D:2      | Reached skill level 4 in Ranged Weapons
  1488 | D:2      | 1488 ||| UPGRADING to +0 ring mail.
  1498 | D:2      | 1498 ||| DROPPING +0 robe.
  1499 | D:2      | 1499 ||| READING scroll labelled JEMULE WYJECZE.
  1600 | D:2      | 1600 ||| DRINKING 2 metallic black potions.
  1812 | D:3      | Reached skill level 1 in Armour
  1975 | D:3      | Reached XP level 4. HP: 24/24 MP: 4/4
  2475 | D:3      | 2475 ||| UPGRADING to +4 ring of protection.
  2476 | D:3      | 2476 ||| READING scroll labelled VOSEP JESCHIUSS.
  2477 | D:3      | 2477 ||| READING scroll labelled POYLIU HUEN.
  2490 | D:4      | Noticed a scorpion
  2496 | D:4      | Killed a scorpion
  2497 | D:4      | Reached skill level 5 in Ranged Weapons
  2551 | D:4      | Reached XP level 5. HP: 35/41 MP: 5/5
  2583 | D:4      | Reached skill level 3 in Fighting
  2648 | D:4      | Noticed an ogre
  2648 | D:4      | Noticed a hornet
  2655 | D:4      | HP: 7/43 [hornet (13)]
  2655 | D:4      | Slain by a hornet

Levels and vault maps discovered:
D:1:      psy_arrival_radial01, layout_loops_cross
D:2:      layout_loops_ring, minmay_distorted
D:3:      layout_loops_corners
D:4:      layout_loops_ring, doesnt_xom_only_xom,
          nemelex_xobeh_ov_fountains_minmay

Skill      XL: |  1  2  3  4  5 |
---------------+----------------+-----
Ranged Weapons | 3 4 5 |  5.3
Fighting       | 2 3 |  3.0
Armour         | 1 |  1.0
Dodging        | |  2.1
Spellcasting   | |  1.0
Hexes          | |  2.0

Action                     |  1- 3 |  4- 6 || total
---------------------------+-------+-------++-------
   Fire: Sling             |   141 |    46 ||   187
    Use: Scroll            |     5 |     2 ||     7
         Potion            |     2 |       ||     2
 Armour: Robe              |     6 |       ||     6
         Ring mail         |     9 |    10 ||    19
  Dodge: Dodged            |    45 |    19 ||    64

Table legend:
 A = Non-vault XP
 B = Vault XP
 C = Vault XP percentage of total XP
 D = Non-vault monster count
 E = Vault monster count
 F = Vault count percentage of total count
                 A         B        C        D         E       F
            +---------+---------+-------+---------+---------+-------
      Total |     251 |       0 |   0.0 |      54 |       0 |   0.0
            +---------+---------+-------+---------+---------+-------
        D:1 |      37 |       0 |   0.0 |      21 |       0 |   0.0
        D:2 |      38 |       0 |   0.0 |      12 |       0 |   0.0
        D:3 |      35 |       0 |   0.0 |      17 |       0 |   0.0
        D:4 |     141 |       0 |   0.0 |       4 |       0 |   0.0
            +---------+---------+-------+---------+---------+-------
